[Event "Late-Titled-Tuesday-Blitz-March-26-2024"]
[Site "Chess.com"]
[Date "2024.03.26"]
[Round "6"]
[White "nindjaxx8"]
[Black "RuperezA"]
[Result "0-1"]
[WhiteElo "2611"]
[BlackElo "2476"]
[TimeControl "180+1"]
[EndTime "15:07:20 PDT"]
[Termination "RuperezA won by checkmate"]

1. d4 c5 2. e3 cxd4 3. exd4 d5 4. Nf3 Nc6 5. c4 Nf6 6. Nc3 Bg4 7. Be3 e6 8. cxd5 Nxd5 9. Be2 Nxe3 10. fxe3 Be7 11.
O-O O-O 12. h3 Bh5 13. Qd2 Rc8 14. Rad1 Qa5 15. a3 Rfd8 16. Bd3 Bg6 17. Rf2 Nb8 18. Bxg6 hxg6 19. Rdf1 Nd7 20. Qe2 Nf6 21. Ne5 Bd6 22. Ng4 Be7 23. Nxf6+ gxf6 24. d5 exd5 25. Qg4 Rc4 26.
Qg3 Qc7 27. Qf3 Qe5 28. g3 d4 29. exd4 Rcxd4 30. Re2 Qc5 31. Kh1 Rd3 32. Qf4 f5 33. Re5 Qc6+ 34. Kh2 Bd6 35. Nd5 Bxe5 36. Ne7+ Kf8 37.
Qxe5 Rd2+ 38. Kg1 Qg2# 0-1

[Event "Late-Titled-Tuesday-Blitz-March-26-2024"]
[Site "Chess.com"]
[Date "2024.03.26"]
[Round "6"]
[White "misterlamine"]
[Black "Hirna2005"]
[Result "1/2-1/2"]
[WhiteElo "2471"]
[BlackElo "2311"]
[TimeControl "180+1"]
[EndTime "15:07:20 PDT"]
[Termination "Game drawn by repetition"]

1. d4 g6 2. Nf3 Bg7 3. e3 d6 4. Be2 Nc6 5. O-O Nf6 6. b3 O-O 7. Bb2 Bf5 8. Nbd2 Ne4 9. Nxe4 Bxe4 10. Nd2 Bf5 11. Bf3 d5 12. a3 Qd7 13. c4 Be6 14.
cxd5 Bxd5 15. e4 Be6 16. d5 Bxb2 17. dxe6 Qxe6 18. Ra2 Bg7 19. Nc4 Rad8 20. Qc1 Nd4 21. Nd2 c6 22. Qb1 Bh6 23. Bd1 Bxd2 24. Rxd2 Nf3+ 25. Bxf3 Rxd2 26. b4 Qa2 27. Qc1 Rfd8 28. e5 Qb2 29. Qc5 Qxa3 30. Qxe7 R2d7 31. Qc5 a5 32. e6 fxe6 33. Bg4 Rd6 34. Qg5 Qxb4 35. Bxe6+ Kg7 36. Qe7+ Kh6 37. h4 Qe4 38. Qg5+ Kg7 39. Qe7+ Kh6 40. Qg5+ Kg7 41. Qe7+ Kh6 1/2-1/2

[Event "Late-Titled-Tuesday-Blitz-March-26-2024"]
[Site "Chess.com"]
[Date "2024.03.26"]
[Round "6"]
[White "NMJeevanK"]
[Black "GMBenjaminBok"]
[Result "0-1"]
[WhiteElo "2618"]
[BlackElo "2971"]
[TimeControl "180+1"]
[EndTime "15:07:23 PDT"]
[Termination "GMBenjaminBok won by resignation"]

1. e4 c5 2. Nc3 d6 3. f4 g6 4. Nf3 Bg7 5. Bb5+ Bd7 6. Bc4 Nc6 7. O-O e6 8. d3 Nge7 9. Qe1 O-O 10. f5 gxf5 11.
Bg5 f6 12. Bf4 fxe4 13. Bxd6 exf3 14. Bxe6+ Bxe6 15. Qxe6+ Kh8 16. Rxf3 f5 17. Nd5 Nd4 18. Qxe7 Nxf3+ 19. gxf3 Re8 20. Qxd8 Raxd8 21. Nc7 Re2 22. Bf4 Bxb2 23. Rb1 Bd4+ 24. Kh1 b6 25. c4 Be5 26. Bxe5+ Rxe5 27. Nd5 Re2 28. Rg1 Rg8 29. Rd1 Rgg2 30. Nf4 Rxh2+ 31. Kg1 Rxa2 32. d4 Rhd2 33. Re1 Rxd4 34. Nh5 Kg8 35. f4 Rdd2 36. Nf6+ Kf7 37. Nd5 Rg2+ 38. Kh1 Rh2+ 39. Kg1 Rag2+ 40. Kf1 Rh1+ 41.
Kxg2 Rxe1 0-1

[Event "Late-Titled-Tuesday-Blitz-March-26-2024"]
[Site "Chess.com"]
[Date "2024.03.26"]
[Round "6"]
[White "reevecanada"]
[Black "PapaieDudu"]
[Result "1-0"]
[WhiteElo "2671"]
[BlackElo "2429"]
[TimeControl "180+1"]
[EndTime "15:07:23 PDT"]
[Termination "reevecanada won by checkmate"]

1. Nf3 d5 2. b3 c5 3. Bb2 Nc6 4. d3 e6 5. Nbd2 Nf6 6. g3 Bd6 7. Bg2 O-O 8. e4 d4 9. O-O e5 10. h3 Be6 11. Re1 h6 12. Kh2 Rc8 13. Nc4 Bc7 14. Ba3 b5 15. Ncd2 Bd6 16. Nh4 Qa5 17. Bb2 Rfd8 18. Nf5 Bf8 19. a4 b4 20. Qf3 Nh7 21. Qe2 Qc7 22. Bc1 Kh8 23. Nf3 Ne7 24. N3h4 Qd7 25. g4 Re8 26. Qf1 g5 27. Nf3 Ng6 28. h4 Nf4 29. hxg5 hxg5 30. Nxe5 Qc7 31.
Bxf4 gxf4 32. Nf3 Nf6 33. Bh3 Bxf5 34. gxf5 Bh6 35. Qe2 Rg8 36. Rg1 Kh7 37. Kh1 a5 38. e5 Nd5 39. f6 Nc3 40. Bf5+ Kh8 41. Qf1 Rxg1+ 42. Qxg1 Qb7 43. Qg4 Rg8 44. Qh5 Rg1+ 45. Rxg1 Qxf3+ 46. Qxf3 Ne4 47. Kh2 c4 48. Qh5 Ng3 49. Qg4 Nxf5 50. Qg8# 1-0

[Event "Late-Titled-Tuesday-Blitz-March-26-2024"]
[Site "Chess.com"]
[Date "2024.03.26"]
[Round "6"]
[White "MusicCityMaster"]
[Black "Cluke86"]
[Result "1-0"]
[WhiteElo "2439"]
[BlackElo "2333"]
[TimeControl "180+1"]
[EndTime "15:07:24 PDT"]
[Termination "MusicCityMaster won on time"]

1. d4 d6 2. Nf3 Nf6 3. c4 g6 4. Nc3 Bf5 5. Bg5 Ne4 6. Nxe4 Bxe4 7. Nd2 Bc6 8. e4 Bg7 9. Be3 b6 10. h4 h5 11. Be2 Nd7 12. g4 hxg4 13. Bxg4 Nf6 14.
Bf3 Qd7 15. Qe2 a5 16. O-O-O a4 17. a3 b5 18. e5 Nh5 19. d5 Bb7 20. e6 Qc8 21.
exf7+ Kxf7 22. Bg4 Qf8 23. Be6+ Ke8 24. Ne4 Nf4 25. Qg4 Nxe6 26. Qxe6 Qf5 27. Ng5 bxc4 28. Qxf5 gxf5 29. Ne6 Be5 30. Nxc7+ Kd7 31. Nxa8 Rxa8 32. f4 Bf6 33. h5 Rh8 34. h6 c3 35. bxc3 Bxc3 36. Kc2 Bf6 37. h7 Rc8+ 38. Kb1 Rh8 39. Bd4 1-0

[Event "Late-Titled-Tuesday-Blitz-March-26-2024"]
[Site "Chess.com"]
[Date "2024.03.26"]
[Round "6"]
[White "Felix-Rose"]
[Black "Siemba"]
[Result "0-1"]
[WhiteElo "2259"]
[BlackElo "2456"]
[TimeControl "180+1"]
[EndTime "15:07:26 PDT"]
[Termination "Siemba won by checkmate"]

1. d4 Nf6 2. Nc3 d5 3. Bf4 c6 4.
Qd3 Nbd7 5. O-O-O e6 6. f3 Qa5 7.
e4 Bb4 8. Nge2 Nb6 9. a3 Nc4 10.
Nb1 Be7 11. g4 O-O 12. Qc3 Qb6 13. e5 Nd7 14. Ng3 Qa6 15. Bxc4 dxc4 16. Nh5 Nb6 17. Qd2 Kh8 18. Nxg7 Kxg7 19. Bh6+ Kh8 20. Bxf8 Bxf8 21. Qg5 Nd5 22. Qd8 Bd7 23. Qxa8 Kg7 24.
h4 c3 25. Qd8 cxb2+ 26. Kd2 Be7 27. Qxd7 Qa5+ 28. c3 Qb5 29. g5 Nf4 30. h5 Qe2# 0-1

[Event "Late-Titled-Tuesday-Blitz-March-26-2024"]
[Site "Chess.com"]
[Date "2024.03.26"]
[Round "6"]
[White "noblerone"]
[Black "GothamChess"]
[Result "1-0"]
[WhiteElo "2549"]
[BlackElo "2663"]
[TimeControl "180+1"]
[EndTime "15:07:27 PDT"]
[Termination "noblerone won by checkmate"]

1. d4 f5 2. Bf4 Nf6 3. Nf3 e6 4. e3 b6 5. Be2 Bb7 6. O-O Bd6 7.
Bxd6 cxd6 8. c4 d5 9. Nc3 O-O 10.
Rc1 Qe7 11. a3 dxc4 12. Bxc4 d5 13. Be2 Nbd7 14. Qb3 Rac8 15. Bb5 a6 16. Bxd7 Nxd7 17.
Ne2 b5 18. a4 b4 19. a5 Bc6 20.
Nf4 Bb5 21. Nd3 Bc4 22. Qd1 Qd6 23. Re1 b3 24. Nde5 Nxe5 25. Nxe5 Qb4 26. Ra1 Rc7 27. Qf3 Qd2 28. Reb1 Rfc8 29. h4 Bd3 30. Rd1 Qxb2 31. Nxd3 Qc2 32. h5 b2 33. Nxb2 Qxb2 34. h6 Qb5 35. Rdb1 Qd3 36. Qg3 Kh8 37. Rb8 Qc4 38. Rxc8+ Rxc8 39. Qxg7# 1-0

[Event "Late-Titled-Tuesday-Blitz-March-26-2024"]
[Site "Chess.com"]
[Date "2024.03.26"]
[Round "6"]
[White "aghasiyevkamal"]
[Black "SuperJesus88"]
[Result "1/2-1/2"]
[WhiteElo "2647"]
[BlackElo "2493"]
[TimeControl "180+1"]
[EndTime "15:07:28 PDT"]
[Termination "Game drawn by agreement"]

1. d4 e6 2. c4 b6 3. Nf3 Bb7 4. Nc3 Bb4 5. Bd2 Nf6 6. e3 O-O 7. Bd3 c5 8. a3 Bxc3 9. Bxc3 cxd4 10. Nxd4 d5 11. O-O Nc6 12. Nxc6 Bxc6 13. Qe2 dxc4 14. Bxc4 Ne4 15. Bd4 Qg5 16. f3 Nd6 17. Bd3 Nf5 18. Bxf5 Qxf5 19. Rfc1 Bb5 20. Qd2 e5 21. e4 Qd7 22. Be3 Qxd2 23. Bxd2 Rfc8 24. Kf2 f6 25. Be3 Kf7 26. a4 Rxc1 27. Rxc1 Bxa4 28. Rc7+ Kg6 29. g3 h5 30. f4 exf4 31. gxf4 Re8 32. f5+ Kh7 33.
Kf3 Bb3 34. Kf4 Ba2 35. Bd4 Bb1 36. e5 Kh6 37. e6 g5+ 38. fxg6 Kxg6 39. e7 Kf7 40. Rxa7 Rxe7 41. Rxe7+ Kxe7 42. Bxb6 Ke6 43. Bd8 Bd3 44. Ke3 Bb5 45. Kd4 f5 46. Bc7 Kd7 47. Bf4 Kc6 48. Ke5 Be2 49. Kxf5 Kb5 50. Ke4 Bd1 51. Kd3 Bg4 52. Kc3 Bh3 53. b4 Bg4 54.
Bd6 h4 55. Bc5 h3 56. Kd4 Bc8 57. Ke3 Kc6 1/2-1/2

[Event "Late-Titled-Tuesday-Blitz-March-26-2024"]
[Site "Chess.com"]
[Date "2024.03.26"]
[Round "6"]
[White "ImportedItalianMaple"]
[Black "Nekoo04"]
[Result "1-0"]
[WhiteElo "2521"]
[BlackElo "2377"]
[TimeControl "180+1"]
[EndTime "15:07:28 PDT"]
[Termination "ImportedItalianMaple won on time"]

1. Nf3 d5 2. g3 Nf6 3. Bg2 c5 4. O-O Nc6 5. d4 e6 6. c4 dxc4 7. dxc5 Qxd1 8. Rxd1 Bxc5 9. Nbd2 c3 10. bxc3 O-O 11. Nb3 Be7 12. Nfd4 Nxd4 13. cxd4 Rd8 14. a4 Nd5 15. Bd2 Bd7 16. Nc5 Bc6 17. Nd3 Rac8 18. Ne5 Be8 19. a5 f6 20. Nd3 a6 21. Rab1 Bb5 22. Nf4 Nxf4 23. Bxf4 g5 24. Bc1 Bxe2 25.
Re1 Bd3 26. Rxb7 Bf8 27. Bh3 f5 28. Bxg5 Rxd4 29. Rxe6 Be4 30. Rxe4 Rxe4 31. Bxf5 Re1+ 32. Kg2 Re5 33. Bxh7+ Kh8 34. Bf6+ 1-0

[Event "Late-Titled-Tuesday-Blitz-March-26-2024"]
[Site "Chess.com"]
[Date "2024.03.26"]
[Round "6"]
[White "David_ATM"]
[Black "a_kandil"]
[Result "0-1"]
[WhiteElo "2375"]
[BlackElo "2513"]
[TimeControl "180+1"]
[EndTime "15:07:28 PDT"]
[Termination "a_kandil won by resignation"]

1. e4 c5 2. c3 d5 3. exd5 Qxd5 4. d4 Nc6 5. Nf3 Bf5 6. Be2 Nf6 7. Na3 cxd4 8. Nb5 O-O-O 9. Nbxd4 Nxd4 10. Qxd4 Qxd4 11. Nxd4 Be4 12. f3 Bd5 13. c4 e5 14. Nb5 Bb4+ 15.
Kf1 Bxc4 16. Nxa7+ Kb8 17. Be3 Nd5 18. Bf2 Bxe2+ 19.
Kxe2 Nf4+ 20. Kf1 Rd5 21. a3 Bc5 22. Nb5 Bxf2 23. Nc3 Rd2 24. Ne4 Rxb2 25. Nxf2 Rc8 26. g3 Rcc2 27. Nd1 Nd5 28. Nxb2 Ne3+ 29. Ke1 Rxb2 30.
h4 Nc2+ 31. Kd2 Nxa1+ 32. Kc3 Ra2 33. Kb4 Nc2+ 34. Kb3 Rxa3+ 35. Kxc2 Rxf3 36. g4 Rf4 37. g5 Rg4 38. Kd3 Kc7 39. Ke3 Kd6 40. Rb1 Rxh4 41.
Rb6+ Kd5 42. Rxb7 Rh3+ 43. Kf2 Ke6 44. Kg2 Rh5 45. Kf3 Rxg5 46. Rb6+ Kf5 47. Rb7 f6 48. Ra7 h5 49. Ra1 h4 50. Rh1 Rg3+ 51. Kf2 Kg4 52. Ra1 f5 53. Ra4+ e4 54. Kf1 h3 55. Ra7 g5 56.
Rh7 e3 57. Ke2 f4 58. Kf1 f3 59. Re7 h2 60. Re4+ Kh3 61. Rxe3 h1=Q+ 62. Kf2 0-1

[Event "Late-Titled-Tuesday-Blitz-March-26-2024"]
[Site "Chess.com"]
[Date "2024.03.26"]
[Round "6"]
[White "Harsha_Bharathakoti"]
[Black "PepeCuenca"]
[Result "1-0"]
[WhiteElo "2906"]
[BlackElo "2733"]
[TimeControl "180+1"]
[EndTime "15:07:29 PDT"]
[Termination "Harsha_Bharathakoti won on time"]

1. c4 Nf6 2. Nc3 g6 3. e4 d6 4. d4 Bg7 5. Be2 O-O 6. Be3 Nc6 7. d5 Ne5 8. f4 Neg4 9. Bd2 Nh6 10. Nf3 c6 11. h3 cxd5 12. cxd5 Qb6 13. Qb3 Qxb3 14. axb3 Nh5 15. g4 Ng3 16. Rg1 Nxe2 17. Nxe2 f5 18.
gxf5 gxf5 19. Bc3 Rf7 20. e5 Kh8 21. e6 Bxc3+ 22. bxc3 Rf6 23. Ned4 b6 24. c4 Bb7 25. Kd2 a6 26. Rg5 b5 27. Kc3 Rc8 28. Kd3 Rg8 29.
Rag1 Rfg6 30. Nh4 R6g7 31. Nhxf5 Nxf5 32. Nxf5 Rxg5 33. fxg5 Re8 34. Kd4 bxc4 35. bxc4 a5 36. Ra1 Ba6 37. Rxa5 Bb7 38. Ra7 Rb8 39. Nxe7 Kg7 40.
Nf5+ Kg6 41. Nxd6 1-0

[Event "Late-Titled-Tuesday-Blitz-March-26-2024"]
[Site "Chess.com"]
[Date "2024.03.26"]
[Round "6"]
[White "ChessSwole"]
[Black "GiorgianBarbosa"]
[Result "1-0"]
[WhiteElo "2678"]
[BlackElo "2529"]
[TimeControl "180+1"]
[EndTime "15:07:29 PDT"]
[Termination "ChessSwole won by checkmate"]

1. e4 c5 2. Nf3 g6 3. c3 Bg7 4.
d4 cxd4 5. cxd4 d5 6. e5 Bg4 7.
Nc3 e6 8. Bb5+ Nc6 9. h3 Bxf3 10. Qxf3 Ne7 11. O-O O-O 12. Rd1 a6 13. Bxc6 Nxc6 14. Be3 b5 15. Rac1 Qb6 16. Nb1 Rfc8 17. h4 h5 18. g4 hxg4 19. Qxg4 Ne7 20. h5 gxh5 21. Qxh5 Nf5 22. Nc3 Rc4 23. Ne2 Rac8 24. Kh1 Rxc1 25. Bxc1 Rc2 26. Rg1 Kf8 27. Bg5 Ke8 28. Bf6 Bxf6 29.
exf6 Nd6 30. Rg8+ Kd7 31. Rg7 Rxe2 32. Qxe2 Qxd4 33. Qf3 Qxb2 34. a3 Qe5 35. Rg8 Ne4 36. Ra8 Qd4 37. Kg2 Nxf6 38. Rxa6 Ne4 39. Qxf7+ Kc8 40.
Ra8# 1-0

[Event "Late-Titled-Tuesday-Blitz-March-26-2024"]
[Site "Chess.com"]
[Date "2024.03.26"]
[Round "6"]
[White "dolynachess"]
[Black "stepanosinovsky"]
[Result "1-0"]
[WhiteElo "2516"]
[BlackElo "2376"]
[TimeControl "180+1"]
[EndTime "15:07:29 PDT"]
[Termination "dolynachess won on time"]

1. d4 Nf6 2. c4 g6 3. Nc3 Bg7 4. e4 O-O 5. Nf3 d6 6. Be2 Nbd7 7.
Be3 e5 8. d5 Nc5 9. Nd2 a5 10.
a3 h5 11. f3 a4 12. Bxc5 dxc5 13. Nxa4 h4 14. Nxc5 Nh5 15. Nd3 Qg5 16. Rg1 Qe3 17. Kf1 f5 18. Nf2 Ng3+ 19. Ke1 fxe4 20. hxg3 hxg3 21.
Ndxe4 gxf2+ 22. Nxf2 e4 23. Qd2 Qb6 24. Qc2 exf3 25.
gxf3 Bf5 26. Bd3 Rae8+ 27. Kf1 Re3 28. Bxf5 Rxf5 29. Rxg6 Qxg6 30. Re1 Rexf3 31. Re2 Qh5 32. Ke1 1-0

[Event "Late-Titled-Tuesday-Blitz-March-26-2024"]
[Site "Chess.com"]
[Date "2024.03.26"]
[Round "6"]
[White "ChessQueen"]
[Black "m_ezat"]
[Result "1/2-1/2"]
[WhiteElo "2698"]
[BlackElo "2556"]
[TimeControl "180+1"]
[EndTime "15:07:31 PDT"]
[Termination "Game drawn by agreement"]

1. e4 c6 2. d4 d5 3. e5 c5 4.
dxc5 e6 5. Be3 Nh6 6. Bxh6 gxh6 7. Nd2 Nc6 8. Ngf3 Bxc5 9. Nb3 Bb6 10. Bd3 a5 11. a4 f6 12. Qe2 O-O 13. O-O Bd7 14. c3 fxe5 15. Nxe5 Nxe5 16. Qxe5 Qf6 17. Qd6 Bc6 18. Rae1 Rad8 19. Qg3+ Kh8 20. Nd4 Rde8 21.
Re3 e5 22. Rf3 Qg5 23. Rxf8+ Rxf8 24. Nxc6 bxc6 25. Qxg5 hxg5 26. g3 Kg7 27. Kg2 h5 28. f3 h4 29. Be2 Bc5 30. Rb1 Rb8 31. Bd3 Kf6 32. Kh3 hxg3 33. hxg3 d4 34. cxd4 Bxd4 35.
b3 c5 36. Be4 Rd8 37. Kg4 Rh8 38. Rf1 Rh2 39. Bd5 Rd2 40. Rh1 Kg7 41. Be4 Rb2 42.
Rh7+ Kf6 43. Rh6+ Ke7 44. Rb6 c4 45. Rb7+ Kd6 46. bxc4 Rxb7 47. Bxb7 Bf2 48. Kxg5 Bxg3 49. Kf5 Bf4 50. Ke4 Kc5 51. Ba6 Bg3 1/2-1/2

[Event "Late-Titled-Tuesday-Blitz-March-26-2024"]
[Site "Chess.com"]
[Date "2024.03.26"]
[Round "6"]
[White "MITerryble"]
[Black "The_Machine04"]
[Result "1-0"]
[WhiteElo "2986"]
[BlackElo "2785"]
[TimeControl "180+1"]
[EndTime "15:07:35 PDT"]
[Termination "MITerryble won on time"]

1. Nf3 Nf6 2. g3 d5 3. Bg2 Nbd7 4. O-O e5 5. d3 c6 6. Nbd2 Bd6 7. e4 O-O 8. Qe2 Re8 9. a3 a5 10. b3 h6 11. Bb2 b5 12. Nh4 Nf8 13. exd5 cxd5 14. c4 bxc4 15. bxc4 Rb8 16. Rab1 d4 17. Ne4 Nxe4 18.
Bxe4 Bh3 19. Rfe1 Ne6 20. Qh5 Qg5 21. Qf3 Qd2 22. Re2 Qg5 23. Ree1 Rb3 24. Qe2 Reb8 25. Bc1 Nf4 26. Bxf4 exf4 27. Rxb3 Rxb3 28. Nf3 Qc5 29. Bd5 Bd7 30. Qe4 Rxa3 31. Nxd4 Ra2 32. gxf4 a4 33. Re3 a3 34. Nf5 Bxf5 35. Qxf5 Ra1+ 36. Kg2 Qc7 37.
Re8+ Bf8 38. Qe5 Qxe5 39. fxe5 Re1 40. c5 Rc1 41. c6 Rc5 42. Ra8 1-0

[Event "Late-Titled-Tuesday-Blitz-March-26-2024"]
[Site "Chess.com"]
[Date "2024.03.26"]
[Round "6"]
[White "Keks2017"]
[Black "GoltsevDmitry2000"]
[Result "1/2-1/2"]
[WhiteElo "2582"]
[BlackElo "2796"]
[TimeControl "180+1"]
[EndTime "15:07:36 PDT"]
[Termination "Game drawn by stalemate"]

1. e4 e6 2. d3 d5 3. Nd2 Nf6 4. Ngf3 dxe4 5. dxe4 Bc5 6. Be2 Nc6 7. O-O e5 8. c3 O-O 9. Qc2 h6 10. b4 Bb6 11.
Nc4 Qe7 12. a4 a5 13. Nxb6 cxb6 14. b5 Nb8 15. Ba3 Qe8 16. Bxf8 Kxf8 17. Nd2 Be6 18.
Bc4 Nbd7 19. Bxe6 Qxe6 20. Qa2 Qe7 21. Rfe1 Rc8 22. Rac1 Nc5 23. Re3 Ng4 24. Rg3 Nf6 25. Re1 Rd8 26. Qc2 Qe6 27. h3 Nh5 28. Rge3 Nf4 29.
Nf1 Qc4 30. Rd1 Rc8 31. Qd2 Nxe4 32. Qd7 Nf6 33. Qxb7 Qc5 34. Ng3 g6 35. Ne4 Nxe4 36. Qxe4 Re8 37. h4 Re6 38. g3 Nh5 39. Qa8+ Kg7 40.
Rd5 Qe7 41. Rd8 Nf6 42. Rb8 e4 43. Rb7 Qc5 44. Qa7 Qf8 45. Rxb6 Rxb6 46. Qxb6 Nd5 47. Qd4+ Nf6 48. Rxe4 g5 49. hxg5 hxg5 50. Re5 Qa3 51. Rxg5+ Kh7 52. Qxf6 Qa1+ 53. Kg2 Qh1+ 54. Kxh1 1/2-1/2

[Event "Late-Titled-Tuesday-Blitz-March-26-2024"]
[Site "Chess.com"]
[Date "2024.03.26"]
[Round "6"]
[White "EternalNight8"]
[Black "publicaccountcze"]
[Result "0-1"]
[WhiteElo "2446"]
[BlackElo "2274"]
[TimeControl "180+1"]
[EndTime "15:07:36 PDT"]
[Termination "publicaccountcze won by checkmate"]

1. e4 e6 2. d4 d5 3. Nd2 Nf6 4. e5 Nfd7 5. Bd3 c5 6. c3 Nc6 7. Ne2 cxd4 8. cxd4 f6 9. Nf4 Nxd4 10. Qh5+ Ke7 11. Ng6+ hxg6 12. exf6+ Nxf6 13. Qxh8 Kf7 14. O-O Bd7 15. Nf3 Nxf3+ 16. gxf3 Bd6 17. Qh4 Qh8 18.
Bg5 Qxh4 19. Bxh4 e5 20. Rad1 Bc6 21. Rfe1 Nh5 22. Bg3 Re8 23. Bc2 g5 24. Bb3 Ke6 25. Re2 Rd8 26. Rde1 Nf4 27. Bxf4 gxf4 28. Kg2 g5 29.
Rd1 Bc5 30. a3 Kd6 31. Red2 Bd4 32. h4 gxh4 33. Kh3 Bd7+ 34. Kxh4 Be6 35. Kg5 Rf8 36. Rxd4 exd4 37. Rxd4 Ke5 38. Rd1 Rg8+ 39. Kh4 Kf6 40.
Bxd5 Rh8# 0-1

[Event "Late-Titled-Tuesday-Blitz-March-26-2024"]
[Site "Chess.com"]
[Date "2024.03.26"]
[Round "6"]
[White "Kildepiotr"]
[Black "Juicy_Fork"]
[Result "1-0"]
[WhiteElo "2731"]
[BlackElo "2557"]
[TimeControl "180+1"]
[EndTime "15:07:37 PDT"]
[Termination "Kildepiotr won by checkmate"]

1. Nf3 Nf6 2. g3 g6 3. Bg2 Bg7 4. O-O O-O 5. d4 d6 6. Nbd2 c5 7. dxc5 dxc5 8. e4 Nc6 9. c3 Qd3 10. Re1 Rd8 11. Bf1 Qd7 12. Qc2 e5 13. Nc4 Qe7 14.
Bg5 h6 15. Bxf6 Bxf6 16. Ne3 Be6 17. Bc4 Bxc4 18. Nxc4 Qe6 19. Ne3 Ne7 20. Qb3 Qc6 21. Ng4 c4 22. Qc2 Qe6 23. Ne3 b5 24. Rad1 h5 25.
h4 a5 26. a4 b4 27. Rxd8+ Rxd8 28. Rd1 Rc8 29. Nd5 b3 30. Qe2 Qc6 31. Nxe5 Qe6 32. Nxc4 Nxd5 33. Rxd5 Qc6 34. Nxa5 Qxa4 35. Kg2 Bxc3 36.
bxc3 b2 37. Rb5 Qxa5 38. Rxa5 b1=Q 39. Qf3 Qb3 40. e5 Rxc3 41. Ra8+ Kh7 42. Qe4 Rc4 43. Qd5 Rc3 44. Qd8 Qb7+ 45. Kh2 g5 46. Qh8+ Kg6 47. Qf6+ Kh7 48. Rh8# 1-0

[Event "Late-Titled-Tuesday-Blitz-March-26-2024"]
[Site "Chess.com"]
[Date "2024.03.26"]
[Round "6"]
[White "b_6"]
[Black "Xavier_mompel"]
[Result "1-0"]
[WhiteElo "2487"]
[BlackElo "2339"]
[TimeControl "180+1"]
[EndTime "15:07:37 PDT"]
[Termination "b_6 won by resignation"]

1. d4 d5 2. c4 e6 3. Nc3 Nf6 4.
Bg5 dxc4 5. e3 Be7 6. Bxc4 O-O 7. Nf3 a6 8. O-O b5 9. Be2 Bb7 10. Ne5 h6 11. Bh4 b4 12. Na4 Nbd7 13. Nxd7 Qxd7 14. Bxf6 gxf6 15. Rc1 Kh8 16. Nc5 Bxc5 17. Rxc5 f5 18. Bf3 Bxf3 19. Qxf3 Rg8 20. Rfc1 Rac8 21. Qf4 Kh7 22.
Rxc7 Rxc7 23. Rxc7 Rc8 24. Rxc8 Qxc8 25. g4 Qc1+ 26.
Kg2 fxg4 27. Qxf7+ Kh8 28. Qf6+ Kh7 29. b3 Qc6+ 30. Kg3 h5 31. Qf7+ Kh6 32. Qf6+ Kh7 33.
Kh4 Qd5 34. Qf7+ Kh6 35. Qf6+ Kh7 36. Qe5 Qxe5 37. dxe5 Kg6 38. h3 gxh3 39. Kxh3 Kf5 40. f4 Ke4 41. Kh4 Kxe3 42. f5 exf5 43. e6 f4 44. e7 f3 45. e8=Q+ Kd2 46. Qxh5 f2 47. Qf3 Ke1 48. Qe3+ 1-0

[Event "Late-Titled-Tuesday-Blitz-March-26-2024"]
[Site "Chess.com"]
[Date "2024.03.26"]
[Round "6"]
[White "Vladimir_Zakhartsov"]
[Black "AlexeiShirov"]
[Result "1/2-1/2"]
[WhiteElo "2988"]
[BlackElo "2831"]
[TimeControl "180+1"]
[EndTime "15:07:38 PDT"]
[Termination "Game drawn by repetition"]

1. e4 e5 2. Nf3 Nc6 3. Nc3 Nf6 4. a3 d5 5. Bb5 Nxe4 6. Qe2 Nxc3 7. Qxe5+ Qe7 8. dxc3 Bd7 9. Qxe7+ Bxe7 10. Bf4 O-O-O 11. O-O-O a6 12. Bxc6 Bxc6 13. Rhe1 Rhe8 14. Ne5 Bd6 15. Bg3 Bxe5 16. Bxe5 f6 17. Bd4 Rxe1 18. Rxe1 Re8 19. Be3 f5 20. Kd2 f4 21. Bxf4 Rxe1 22. Kxe1 Bd7 23.
Kd2 Bf5 24. Ke3 Kd7 25. Kd4 c6 26. c4 dxc4 27. c3 Bd3 28. b4 Ke6 29. Kc5 Kd7 30.
a4 Bf1 31. g3 g6 32. Be5 h5 33.
Kd4 Ke6 34. Bb8 Bd3 35. Bf4 Bc2 36. a5 Bd3 37. Kc5 Kd7 38. Kb6 Kc8 39. Be5 Be2 40.
Bf6 Bd3 41. Kc5 Kd7 42. Bg5 Be2 43. Kd4 Ke6 44. Ke4 Bd3+ 45. Kf4 Be2 46. Bd8 Bd3 47. Bb6 Be2 48. Bd4 Bd3 49. f3 Be2 50. g4 hxg4 51. fxg4 Bd3 52. Kg5 Kf7 53. h4 Be2 54. h5 gxh5 55. gxh5 Bd3 56. h6 Ke6 57. Kf4 Bc2 58. Bg7 Bd3 59. Ke3 Kd5 60.
Bd4 Bc2 61. Bg7 Bd3 62. Bd4 Bc2 63. Bc5 Bd3 64. Bd4 1/2-1/2

[Event "Late-Titled-Tuesday-Blitz-March-26-2024"]
[Site "Chess.com"]
[Date "2024.03.26"]
[Round "6"]
[White "nabukatnezarr"]
[Black "Practical-Play"]
[Result "1-0"]
[WhiteElo "2607"]
[BlackElo "2472"]
[TimeControl "180+1"]
[EndTime "15:07:39 PDT"]
[Termination "nabukatnezarr won on time"]

1. Nf3 d5 2. g3 Nd7 3. Bg2 e5 4. O-O e4 5. Ne1 Ngf6 6. d3 exd3 7. cxd3 Bd6 8. Nc3 c6 9. b3 h5 10. h4 Qc7 11. Nf3 Ng4 12. e4 dxe4 13. Nxe4 O-O 14. Bb2 Rd8 15. Qc2 Bf8 16. Neg5 Ndf6 17. Rfe1 Bf5 18.
Rad1 Qb6 19. Ne4 Bxe4 20. dxe4 Rxd1 21. Rxd1 Nxe4 22. Bd4 Nc5 23. Ng5 g6 24. Qc4 Qc7 25. Bxc5 b5 26. Qc2 Bg7 27. Bf3 Ne5 28. Be4 Re8 29.
Kg2 Ng4 30. Bf3 Nf6 31. Qd2 Kh8 32. Qd6 Qa5 33. Nxf7+ Kg8 34. Ne5 Qxa2 35. Bxc6 Rc8 36. Qe6+ Kh7 37. Qxc8 Qxb3 38. Bf3 Qc3 39. Rd8 Qxe5 40.
Bd4 1-0

[Event "Late-Titled-Tuesday-Blitz-March-26-2024"]
[Site "Chess.com"]
[Date "2024.03.26"]
[Round "6"]
[White "gxbg2000"]
[Black "simaopdias"]
[Result "0-1"]
[WhiteElo "2025"]
[BlackElo "2293"]
[TimeControl "180+1"]
[EndTime "15:07:40 PDT"]
[Termination "simaopdias won by resignation"]

1. e4 c5 2. Nf3 g6 3. c3 Bg7 4. d3 Nc6 5. Be2 Nf6 6. O-O O-O 7. Bg5 h6 8. Bd2 Kh7 9. Na3 a6 10. Nc2 Qc7 11. Ne3 b6 12. h3 Bb7 13. Qc2 Ne5 14. Rfe1 Rac8 15. Rac1 Rfd8 16. Qb3 b5 17. Nxe5 c4 18. dxc4 Qxe5 19. cxb5 Nxe4 20. Rcd1 Nc5 21. Qb4 a5 22. Qh4 Bf6 23. Qg3 Qxg3 24. fxg3 Ne4 25. Bf3 d5 26. Ng4 Bg7 27. Be3 f5 28. Bxe4 dxe4 29. Nf2 Bd5 30. Bb6 Rd6 31. Bxa5 Bxa2 32. Bb4 Rb6 33. Ra1 Ra8 34. Bxe7 Rxb5 35. Bb4 g5 36. g4 Rxb4 37. cxb4 Bxb2 38. Rxa2 Rxa2 39. gxf5 e3 40. Nd3 Bd4 41. Kf1 Rd2 42. Nc5 Rf2+ 43. Kg1 Rb2 44. Nd3 Rb3 45. Nc5 Rxb4 46. Ne6 Bb6 47.
f6 Kg6 48. Rf1 e2+ 0-1

[Event "Late-Titled-Tuesday-Blitz-March-26-2024"]
[Site "Chess.com"]
[Date "2024.03.26"]
[Round "6"]
[White "azikom"]
[Black "CURRUTACO59"]
[Result "1-0"]
[WhiteElo "2628"]
[BlackElo "2271"]
[TimeControl "180+1"]
[EndTime "15:07:41 PDT"]
[Termination "azikom won on time"]

1. c4 c5 2. Nc3 Nc6 3. g3 g6 4. Bg2 Bg7 5. h4 h5 6. d3 d6 7. Nh3 a6 8. Ng5 Rb8 9. Bd2 Nf6 10. O-O Bg4 11. Re1 Qd7 12. Nd5 b5 13. Bc3 e5 14. Nxf6+ Bxf6 15. Ne4 Bg7 16. b3 b4 17. Bb2 O-O 18. a3 a5 19. axb4 axb4 20. Ra6 Ra8 21. Rxc6 Ra2 22. Bc1 f5 23. Rxd6 Qe7 24.
Bg5 Qc7 25. Rxg6 fxe4 26. dxe4 Qf7 27. Qd5 Bxe2 28. Bh6 Qxd5 29. Rxg7+ Kh8 30. exd5 Rf6 31. Re7 Rxh6 32. Re8+ Kg7 33. Rxe5 Bg4 34. Re7+ Kf8 35. f3 Bf5 36. R7e5 Rf6 37. d6 Bd7 38. Rd1 Rb2 39.
Rd3 Rb1+ 40. Kf2 Rb2+ 41. Re2 Rxe2+ 42. Kxe2 Re6+ 43. Kf2 Kf7 44. Bh3 Rxd6 45. Rxd6 Bxh3 46. Rd5 1-0

[Event "Late-Titled-Tuesday-Blitz-March-26-2024"]
[Site "Chess.com"]
[Date "2024.03.26"]
[Round "6"]
[White "Aram7Adam"]
[Black "LeoWin2012"]
[Result "0-1"]
[WhiteElo "2418"]
[BlackElo "2303"]
[TimeControl "180+1"]
[EndTime "15:07:45 PDT"]
[Termination "LeoWin2012 won by checkmate"]

1. e4 e5 2. Nf3 Nf6 3. Bc4 Bc5 4.
O-O O-O 5. Nxe5 Nxe4 6. d4 d5 7. Bd3 Bxd4 8. Bxe4 dxe4 9. Nc4 Be6 10. Ne3 Nc6 11.
Nc3 Bxc3 12. bxc3 Ne5 13. Ba3 Re8 14. Rb1 b6 15. Qd4 Qg5 16. Qxe4 Bxa2 17. Rbe1 Nc4 18.
Qc6 Nxa3 19. Nd5 Red8 20. Nxc7 Rac8 21. Re3 Bd5 22. Nxd5 Rxc6 23. Ne7+ Kh8 24. Nxc6 Rf8 25. Rfe1 h5 26. h3 Nc4 27. Rg3 Qf6 28. Nd4 g6 29.
Rf3 Qg7 30. Re7 Ne5 31. Re3 Nc4 32. Rf3 Kg8 33. Rxa7 Re8 34. Kh2 Nd2 35. Rd3 Qe5+ 36. g3 Nf1+ 37. Kg2 Qe1 38. Nf3 Qb1 39. Rdd7 Qxc2 40. Rxf7 Ne3+ 41. Kh2 Qxf2+ 42. Kh1 Qg2# 0-1